Map: [EWC] Goldenaura

Players

Maru - Winner!

  • Race: Terran Terran
  • Spawn Location: 12:00

Oliveira

  • Race: Terran Terran
  • Spawn Location: 5:00

Event: Esports World Cup 2024

VOD

Have the link to the VOD?

Description

Time

  • Played on: Aug. 16, 2024, 12:04 p.m.
  • Length: 19:31

All games in this series

Show
View Real Time Build Order
Export as new Build Order

Maru Terran - Winner!

Build Orders: Cyclone Opening, Gas First Reaper Expand 

Get SALT Encoding   

  12  0:00  SCV  
  13  0:12  SCV  
  14  0:17  Supply Depot  
  14  0:24  SCV  
  15  0:29  Refinery  
  15  0:39  SCV  
  16  0:44  Barracks  
  16  0:51  SCV  
  17  1:03  SCV  
  18  1:15  SCV  
  19  1:31  Orbital Command, Reaper  
  20  1:41  Command Center  
  20  1:51  Factory  
  20  1:56  SCV  
  21  2:04  Supply Depot  
  21  2:05  Marine  
  22  2:09  SCV  
  23  2:16  Refinery  
  23  2:25  Marine  
  23  2:26  SCV  
  25  2:36  Starport, Hellion  
  27  2:38  SCV  
  27  2:44  Barracks Reactor  
  28  2:50  SCV  
  29  2:53  Orbital Command  
  29  2:58  Cyclone  
  31  3:02  SCV  
  32  3:12  Medivac  
  34  3:14  SCV  
  34  3:19  SCV  
  36  3:21  Supply Depot  
  37  3:30  SCV, Cyclone  
  37  3:31  SCV  
  39  3:42  SCV  
  39  3:44  SCV  
  41  3:50  Starport Tech Lab  
  41  3:51  Command Center  
  41  3:52  Marine x2  
  43  3:56  SCV x2  
  43  4:02  Factory Tech Lab  
  45  4:06  Supply Depot  
  45  4:08  SCV  
  45  4:09  Raven  
  48  4:10  SCV  
  48  4:20  SCV  
  48  4:22  SCV, Siege Tank  
  53  4:26  Refinery  
  53  4:31  Marine x2  
  53  4:33  SCV, Interference Matrix  
  53  4:34  SCV  
  57  4:41  Supply Depot  
  57  4:45  SCV  
  58  4:46  SCV  
  58  4:49  Marine x2  
  61  4:54  Barracks  
  61  4:55  Barracks  
  61  4:57  SCV  
  62  5:03  Orbital Command, SCV, Raven  
  62  5:05  Supply Depot  
  65  5:09  SCV, Factory Reactor  
  65  5:12  Refinery  
  65  5:13  Marine, Stimpack  
  67  5:15  SCV  
  69  5:21  SCV  
  69  5:24  Engineering Bay  
  69  5:25  Engineering Bay  
  69  5:27  SCV  
  70  5:31  Marine  
  70  5:33  SCV  
  70  5:35  SCV  
  73  5:41  Barracks  
  73  5:43  Barracks  
  73  5:46  Starport Reactor  
  73  5:49  SCV x3, Marine  
  77  5:52  Terran Infantry Weapons Level 1, Terran Infantry Armor Level 1  
  77  5:54  Marine  
  77  5:55  Marine x3  
  81  6:02  Supply Depot  
  81  6:04  Siege Tank  
  84  6:07  Marine  
  85  6:12  Marine x2  
  85  6:13  Marine x2  
  85  6:15  SCV x2  
  85  6:17  Orbital Command  
  91  6:22  Supply Depot  
  91  6:23  Supply Depot  
  91  6:24  Marine  
  92  6:26  Medivac  
  92  6:27  SCV x2, Medivac  
  92  6:30  Marine x3  
  101  6:33  Supply Depot  
  101  6:42  Barracks Reactor x2  
  101  6:43  Siege Tank, SCV  
  101  6:46  Marine x2  
  107  6:47  SCV x2  
  107  6:48  Marine  
  107  6:52  Sensor Tower  
  107  6:53  Armory  
  110  6:54  Marine x2  
  110  6:59  Combat Shield  
  112  7:04  Marine x2  
  112  7:07  Medivac  
  116  7:09  Marine  
  116  7:12  SCV x3, Marine  
  116  7:14  Supply Depot  
  119  7:18  Marine x2  
  119  7:22  Marine x2, Medivac  
  124  7:27  Supply Depot x2  
  125  7:36  Siege Tank, Marine x5  
  133  7:39  SCV x2  
  133  7:40  Supply Depot  
  133  7:48  SCV  
  133  7:50  Marine x3  
  133  7:51  Marine  
  129  7:53  Medivac  
  129  7:54  Marine x2  
  132  7:59  Marine x2  
  132  8:02  SCV  
  132  8:03  SCV  
  132  8:04  Marine  
  135  8:08  Siege Tank, Marine x3, Refinery x2  
  141  8:12  Marine  
  141  8:13  Marine  
  141  8:14  Terran Infantry Armor Level 2, Terran Infantry Weapons Level 2  
  141  8:19  SCV  
  140  8:26  Command Center  
  140  8:27  Marine x3  
  140  8:29  Marine x2  
  140  8:33  Marine x2  
  147  8:35  Terran Vehicle Weapons Level 1  
  147  8:36  Medivac  
  149  8:47  Marine  
  133  8:48  Marine x3  
  133  8:49  Siege Tank, Marine  
  133  8:53  Marine  
  133  8:55  Marine  
  125  8:57  Marine  
  116  9:04  Marine, Factory  
  116  9:06  Marine x2  
  116  9:07  SCV x3  
  122  9:10  Barracks Reactor  
  122  9:12  Barracks  
  122  9:13  Barracks x2  
  122  9:16  Marine  
  122  9:17  Marine x3  
  123  9:21  SCV x2, Siege Tank  
  131  9:26  Supply Depot  
  131  9:29  Marine  
  132  9:31  SCV  
  132  9:37  Marine  
  134  9:42  Marine  
  134  9:43  Marine x2  
  134  9:44  Medivac x2  
  134  9:45  Marine x4, Sensor Tower  
  141  9:46  Marine x2  
  141  9:49  SCV  
  141  9:50  SCV x2  
  150  9:53  Siege Tank  
  150  9:56  Supply Depot x2  
  153  10:00  Barracks Reactor x3  
  153  10:01  SCV, Siege Tank  
  157  10:11  Planetary Fortress  
  157  10:12  Marine  
  158  10:14  Medivac  
  158  10:18  Marine x5  
  165  10:22  Supply Depot  
  165  10:25  Command Center  
  165  10:26  Medivac  
  165  10:28  Marine x2  
  168  10:31  Marine  
  170  10:40  Terran Infantry Armor Level 3, Terran Infantry Weapons Level 3  
  170  10:41  Marine  
  170  10:42  Marine x7  
  178  10:44  Medivac  
  178  10:48  Starport x2  
  180  10:51  SCV, Refinery  
  180  10:52  SCV x3, Refinery  
  184  10:58  Marine  
  184  11:01  Siege Tank  
  184  11:04  SCV  
  189  11:09  Siege Tank  
  191  11:15  Command Center  
  191  11:22  Terran Vehicle Weapons Level 2  
  191  11:30  Marine  
  191  11:31  Marine x4  
  191  11:32  Supply Depot  
  193  11:33  Siege Tank  
  180  11:49  Siege Tank, Marine  
  180  11:51  Marine x6  
  180  11:52  Marine x2  
  180  11:53  Medivac x2  
  158  11:55  Marine  
  158  11:56  Marine x4  
  158  11:58  Marine x2  
  161  12:05  Siege Tank, Starport Tech Lab  
  161  12:06  Starport Tech Lab, Marine, Sensor Tower  
  165  12:08  Marine  
  165  12:09  Marine x4, Command Center  
  165  12:12  SCV x3, Starport  
  170  12:18  Marine  
  171  12:24  SCV  
  171  12:27  Raven  
  171  12:28  Raven  
  176  12:30  Siege Tank  
  176  12:31  Marine x5  
  176  12:32  Marine  
  176  12:33  Marine  
  176  12:36  Orbital Command  
  185  12:38  Marine x2, Command Center  
  185  12:39  Marine  
  188  12:48  Marine  
  188  12:49  Marine  
  169  12:52  Marine x3  
  169  12:57  Marine x4, Viking x2  
  176  13:02  Raven x2  
  177  13:09  Marine x5  
  182  13:18  Marine x2  
  184  13:21  Planetary Fortress, Marine x4  
  172  13:28  Marine x5  
  172  13:29  Marine x2  
  172  13:30  Siege Tank  
  172  13:33  Siege Tank  
  158  13:34  Marine  
  158  13:35  Marine x2  
  158  13:36  Raven x2  
  159  13:42  Marine x2  
  159  13:48  Marine x5, Viking x2  
  164  13:51  Marine x3  
  169  13:57  Marine  
  169  13:59  Planetary Fortress  
  169  14:01  Marine  
  169  14:02  Siege Tank, Marine x3  
  170  14:05  Terran Vehicle Weapons Level 3, Siege Tank  
  170  14:06  Marine  
  170  14:07  Marine x3  
  177  14:15  Raven x2  
  178  14:17  Starport  
  178  14:20  Marine x7  
  178  14:23  Neosteel Armor  
  185  14:30  Viking x2  
  185  14:31  Marine  
  190  14:34  Siege Tank  
  190  14:35  SCV  
  194  14:40  Siege Tank  
  193  14:47  SCV  
  193  14:48  Marine  
  193  14:52  Raven x2  
  179  14:55  Marine x2  
  182  15:00  SCV, Starport Tech Lab  
  182  15:01  Marine x2  
  182  15:06  Siege Tank  
  184  15:09  Marine  
  184  15:12  Siege Tank  
  168  15:14  Marine  
  168  15:16  Marine x9  
  168  15:19  Starport Tech Lab  
  176  15:23  Marine x5  
  176  15:27  Marine  
  182  15:32  Marine  
  182  15:34  Marine x8  
  188  15:38  Siege Tank  
  188  15:39  Marine  
  188  15:40  Marine  
  188  15:41  Marine  
  188  15:42  Marine x3  
  176  15:44  Siege Tank, Marine  
  178  15:50  Marine  
  178  15:51  Marine  
  178  15:52  Marine x3  
  166  15:57  Marine  
  166  15:58  Marine x3  
  166  16:03  Liberator  
  166  16:04  Liberator x2, Marine x2  
  167  16:06  Marine x3  
  167  16:07  Marine  
  167  16:08  SCV x4  
  167  16:10  Siege Tank  
  183  16:12  Raven, Command Center  
  183  16:13  Marine  
  183  16:14  Marine x4  
  183  16:16  Siege Tank  
  193  16:22  Raven, Marine  
  193  16:23  Marine x4  
  199  16:43  Refinery x2  
  199  16:44  Command Center  
  194  17:16  Siege Tank x2  
  200  17:28  Marine  
  180  17:34  Marine x3  
  180  17:35  Marine x2  
  163  17:38  Marine x2  
  163  17:39  Marine x3  
  163  17:42  Raven  
  163  17:43  Raven x3, Viking x2  
  163  17:44  Marine x3  
  181  17:46  Refinery x2, Command Center  
  181  17:47  Marine x2, Command Center  
  181  17:48  Siege Tank x2  
  181  17:50  Command Center  
  191  17:57  Marine  
  191  17:58  Marine x8  
  200  18:08  Orbital Command  
  200  18:27  Command Center x2  
  200  18:33  Marine x3  
  195  18:38  Marine x3  
  198  18:44  Command Center  
  198  19:00  Marine  
  198  19:01  Marine x6  
  190  19:10  Marine x7  
  190  19:11  Marine  
Show
View Real Time Build Order
Export as new Build Order

Oliveira Terran 

Build Orders: Cyclone Opening 

Get SALT Encoding   

  12  0:00  SCV  
  13  0:12  SCV  
  14  0:17  Supply Depot  
  14  0:24  SCV  
  15  0:39  SCV, Barracks  
  16  0:45  Refinery  
  16  0:51  SCV  
  16  0:54  Refinery  
  17  1:03  SCV  
  18  1:15  SCV  
  19  1:26  Reaper  
  19  1:27  Orbital Command  
  19  1:29  Supply Depot  
  20  1:43  Factory  
  20  1:53  SCV  
  21  1:58  Marine  
  22  2:05  SCV  
  23  2:16  Command Center  
  23  2:19  SCV  
  24  2:26  Cyclone  
  26  2:34  Starport  
  26  2:37  SCV  
  27  2:44  Supply Depot, Barracks Reactor  
  27  2:49  SCV  
  28  2:58  Cyclone  
  28  3:01  SCV  
  31  3:11  Medivac  
  33  3:13  SCV  
  33  3:19  Refinery  
  34  3:20  Marine x2  
  36  3:29  Orbital Command, SCV  
  37  3:34  Cyclone  
  37  3:38  Marine  
  37  3:39  Marine  
  41  3:42  Starport Tech Lab  
  41  3:45  SCV  
  42  3:57  SCV  
  42  3:58  SCV  
  42  4:01  Raven, Interference Matrix  
  46  4:04  Supply Depot  
  48  4:12  Factory Tech Lab  
  48  4:13  SCV  
  48  4:14  SCV  
  48  4:22  Command Center  
  48  4:25  SCV  
  48  4:26  SCV  
  49  4:33  Siege Tank  
  49  4:36  Raven  
  54  4:40  SCV x2  
  54  4:45  Marine x2  
  56  4:46  Supply Depot  
  56  4:52  SCV  
  59  4:54  SCV  
  60  5:04  SCV  
  60  5:06  SCV  
  62  5:09  Barracks x2  
  62  5:10  Raven  
  62  5:13  Factory Reactor  
  64  5:16  SCV  
  64  5:17  Stimpack  
  64  5:18  SCV  
  64  5:20  Marine  
  67  5:28  SCV, Engineering Bay x2  
  67  5:30  SCV  
  67  5:35  Orbital Command  
  69  5:41  SCV  
  69  5:42  SCV  
  71  5:44  Barracks  
  71  5:54  Supply Depot  
  71  5:55  SCV x2  
  71  5:56  Terran Infantry Weapons Level 1, Starport Reactor, Barracks  
  73  6:00  Terran Infantry Armor Level 1  
  73  6:04  Siege Tank  
  73  6:07  Refinery  
  73  6:10  SCV  
  77  6:11  SCV  
  77  6:12  Supply Depot, Marine  
  77  6:14  Marine  
  77  6:15  Orbital Command  
  77  6:16  Marine x2  
  77  6:17  Marine  
  83  6:20  Supply Depot  
  83  6:22  SCV  
  84  6:30  Marine  
  84  6:31  SCV  
  84  6:32  Marine  
  87  6:33  Barracks Reactor  
  87  6:36  Siege Tank  
  87  6:37  SCV  
  87  6:39  Supply Depot  
  91  6:40  SCV  
  91  6:43  SCV, Marine  
  91  6:45  Medivac  
  91  6:46  Barracks Reactor, Medivac  
  98  6:49  SCV  
  98  6:50  Supply Depot  
  98  6:51  Marine  
  98  6:52  SCV, Marine  
  102  6:54  Marine  
  102  6:58  Combat Shield  
  102  7:00  SCV, Marine  
  105  7:01  SCV  
  105  7:04  Marine  
  105  7:05  SCV  
  105  7:06  Supply Depot  
  108  7:09  Marine x2  
  108  7:11  Siege Tank  
  112  7:17  SCV x2  
  112  7:18  SCV, Armory  
  112  7:19  Marine  
  112  7:22  Marine  
  117  7:23  Marine  
  117  7:24  Marine  
  117  7:25  Marine  
  117  7:26  Marine  
  117  7:28  Marine x2  
  117  7:29  Supply Depot  
  123  7:30  SCV x2  
  123  7:31  SCV  
  123  7:36  Medivac  
  130  7:38  Medivac  
  130  7:39  Refinery  
  130  7:42  Marine x2  
  133  7:46  Marine  
  132  7:52  Marine  
  132  7:56  Marine  
  126  7:58  Marine x2  
  126  8:00  Siege Tank, Marine  
  126  8:04  SCV, Marine, Barracks Reactor  
  133  8:06  Marine, Terran Infantry Armor Level 2  
  133  8:08  SCV  
  133  8:11  Supply Depot, Starport Reactor, Marine  
  136  8:14  Marine  
  136  8:16  Marine, Terran Infantry Weapons Level 2  
  136  8:19  Marine  
  140  8:20  SCV  
  140  8:24  Barracks x3  
  140  8:25  Marine  
  140  8:26  Supply Depot, SCV x2  
  144  8:28  Marine  
  144  8:32  Command Center  
  144  8:34  Marine  
  144  8:35  SCV  
  144  8:36  Marine  
  144  8:37  Marine  
  144  8:40  Marine  
  135  8:49  Marine  
  135  8:51  Marine  
  135  8:53  Marine x4  
  135  8:55  Siege Tank  
  136  8:56  Marine  
  136  8:58  Marine x2  
  127  9:04  Sensor Tower  
  127  9:06  Terran Vehicle Weapons Level 1  
  127  9:07  Marine, Refinery  
  127  9:08  Marine  
  129  9:10  Marine, Command Center  
  129  9:11  Marine  
  129  9:17  Marine x4  
  131  9:18  Supply Depot, Barracks Reactor x2  
  131  9:19  SCV x2, Barracks Reactor  
  131  9:20  SCV  
  138  9:26  Marine  
  138  9:30  Siege Tank, Marine x4  
  145  9:34  Marine  
  145  9:35  Marine  
  145  9:37  Marine x2  
  149  9:41  Viking x2  
  154  9:48  SCV x2, Marine  
  154  9:49  Supply Depot x2  
  154  9:50  Marine  
  157  9:53  Sensor Tower  
  157  10:10  Marine x14  
  157  10:11  SCV x2  
  173  10:21  Marine, Viking x2  
  173  10:22  Siege Tank  
  173  10:23  Terran Infantry Armor Level 3  
  173  10:28  Marine x4  
  181  10:29  Planetary Fortress  
  181  10:33  Missile Turret  
  181  10:34  Supply Depot, Sensor Tower  
  185  10:37  Marine  
  185  10:38  Marine  
  185  10:39  Marine  
  188  10:48  Sensor Tower  
  188  10:53  Marine  
  188  10:55  Marine  
  188  11:05  Marine  
  188  11:06  Marine x4  
  188  11:07  Siege Tank  
  196  11:16  Terran Vehicle Weapons Level 2, Command Center, Terran Infantry Weapons Level 3  
  196  11:18  Command Center  
  196  11:27  Marine x4, Factory  
  200  11:37  Marine x3  
  200  11:39  Marine  
  195  11:44  Marine x7  
  200  11:53  Marine  
  150  11:55  Marine  
  150  11:56  Marine x5  
  150  11:57  Marine  
  150  12:01  Siege Tank  
  131  12:02  Marine x7  
  131  12:03  Medivac x2  
  142  12:11  Marine  
  142  12:13  Marine x2  
  142  12:14  Marine x3  
  147  12:15  Marine  
  147  12:16  Marine, Command Center  
  147  12:19  Marine  
  147  12:20  Marine  
  147  12:21  Marine  
  147  12:22  Marine  
  152  12:24  Marine, Factory Tech Lab  
  152  12:29  Marine x2  
  155  12:32  Marine  
  155  12:33  Marine  
  155  12:35  Siege Tank, Marine  
  155  12:36  Marine  
  162  12:37  Marine  
  162  12:38  Marine  
  162  12:40  Marine x3, Viking x2  
  171  12:44  Marine  
  171  12:49  Marine  
  143  12:52  Marine  
  143  12:53  Marine  
  143  12:54  Marine x6  
  143  12:55  Siege Tank, Marine  
  143  12:56  Marine  
  143  12:58  Marine  
  145  12:59  Marine  
  145  13:03  Marine x2  
  144  13:07  Marine  
  144  13:09  SCV x2  
  144  13:12  Marine x2  
  149  13:13  Viking x2  
  149  13:14  Siege Tank, Marine  
  149  13:15  Marine x2  
  149  13:17  Barracks Reactor  
  149  13:19  Marine  
  140  13:32  Marine  
  140  13:33  Marine  
  140  13:34  Siege Tank, Marine x2  
  113  13:36  Marine x2  
  113  13:37  Marine x6  
  113  13:39  Marine  
  113  13:40  Planetary Fortress  
  118  13:47  Siege Tank  
  121  13:49  Marine  
  121  13:50  Viking x2  
  121  13:51  Marine  
  121  13:52  Marine x2  
  121  13:53  SCV x4  
  121  13:54  Marine x4  
  137  13:57  Marine x2  
  139  14:04  Marine x2  
  139  14:05  SCV, Marine x2  
  139  14:08  Marine x2  
  146  14:10  Siege Tank  
  146  14:12  Marine x2  
  146  14:15  Marine x3  
  146  14:16  Marine x3  
  157  14:17  SCV x2  
  157  14:19  Marine  
  157  14:22  Marine x2  
  162  14:25  Marine  
  162  14:27  Marine x2  
  162  14:28  Siege Tank  
  162  14:29  Marine  
  162  14:30  Marine  
  170  14:34  Marine x2  
  170  14:35  Marine x2  
  170  14:38  Marine x2  
  173  14:40  Marine x2  
  175  14:49  Marine x2  
  175  14:50  Marine x5  
  175  14:52  Marine x2  
  170  14:53  Siege Tank, Marine  
  170  14:54  Marine  
  170  14:56  Marine x2  
  170  14:59  Marine  
  178  15:00  Marine  
  175  15:10  Marine  
  168  15:14  Marine  
  168  15:15  Marine x2  
  168  15:16  Siege Tank  
  168  15:17  Marine x6  
  168  15:19  Marine x3  
  168  15:20  Marine  
  180  15:21  SCV  
  180  15:22  SCV  
  180  15:23  Orbital Command  
  180  15:25  Siege Tank  
  180  15:27  Marine  
  186  15:28  Marine  
  171  15:39  Marine x2  
  171  15:41  Marine x2  
  150  15:45  Marine x2  
  150  15:48  Siege Tank  
  150  15:52  Marine  
  136  15:57  Siege Tank, Marine  
  136  15:58  Marine x2  
  136  15:59  Marine  
  136  16:00  Marine x3  
  136  16:01  Marine  
  136  16:02  Marine  
  138  16:04  Marine x2  
  138  16:05  Marine  
  138  16:09  SCV x4  
  138  16:10  SCV x2  
  144  16:12  Marine  
  144  16:15  Marine x3  
  148  16:19  Marine x6  
  148  16:23  Marine x3  
  148  16:25  Siege Tank  
  160  16:26  Command Center  
  160  16:31  Marine  
  160  16:32  Marine x2  
  163  16:35  Marine x2  
  163  16:36  Siege Tank  
  163  16:38  Marine x2  
  169  16:40  Marine x2  
  169  16:42  Marine  
  169  16:43  Marine x2  
  169  16:46  Marine  
  175  16:48  Marine x2  
  175  16:49  Marine  
  175  16:52  Marine x2  
  180  16:57  Marine x2  
  178  17:09  Thor x2  
  178  17:12  Marine x5  
  178  17:13  Medivac x2  
  178  17:14  Marine  
  168  17:32  Marine  
  168  17:33  Marine x3  
  168  17:34  Marine x10  
  145  17:38  Marine  
  145  17:43  Medivac  
  135  17:45  Planetary Fortress, Missile Turret  
  135  17:50  Marine  
  136  17:51  Marine x6  
  136  17:52  Marine x2  
  136  17:53  Marine  
  136  17:55  Siege Tank x2  
  136  17:57  Marine  
  150  18:01  Marine x2  
  150  18:02  Marine  
  150  18:04  Medivac  
  152  18:07  Marine  
  152  18:08  Marine  
  152  18:09  Marine x2  
  152  18:11  Marine  
  152  18:12  Marine x5  
  148  18:13  Marine  
  148  18:15  Marine  
  148  18:18  Medivac  
  148  18:19  Marine x3  
  157  18:24  Marine  
  157  18:25  Marine  
  157  18:27  Marine x2  
  160  18:30  Orbital Command  
  160  18:32  Marine  
  160  18:33  Marine  
  160  18:34  Marine x5  
  143  18:35  Siege Tank x2  
  143  18:36  Medivac  
  143  18:37  Marine  
  143  18:38  Marine x2  
  143  18:40  Marine  
  160  18:42  Marine  
  160  18:47  Marine  
  161  18:48  Medivac  
  161  18:51  Marine x2  
  161  18:54  Marine  
  166  18:55  SCV  
  166  19:00  Marine  
  166  19:01  Marine x3  
  166  19:02  Marine  
  147  19:03  Marine  
  147  19:04  Marine x2  
  147  19:07  Marine x2  
  149  19:10  Marine x2  
Tags
 
Add a new tag
Caveats
  • Supply blocks, unpowered buildings, or Contaminate may cause inaccurate times.
  • Supply counts are checked every 10 seconds.